[Event "CCT Chessable Masters Play-In 2025"]
[Site "Online"]
[Date "2025.02.17"]
[Round "4.31"]
[White "Bluebaum, Matthias"]
[Black "Volokitin, Andrei"]
[Result "1/2-1/2"]
[ECO "E51"]
[WhiteElo "2643"]
[BlackElo "2643"]
[PlyCount "85"]
[EventDate "2025.02.13"]
[EventType "swiss"]
[EventCountry "NET"]
[TimeControl "600"]
[WhiteClock "0:01:25"]
[BlackClock "0:01:07"]

1. d4 Nf6 2. c4 e6 3. Nc3 Bb4 4. e3 O-O 5. Bd2 d5 6. Nf3 b6 7. cxd5 exd5 8. Rc1 Bb7 9. Bd3 Re8 10. Ne5 Nbd7 11. f4 Bxc3 12. Bxc3 Ne4 13. O-O Nd6 14. Bb4 Nf8 15. Qf3 a5 16. Be1 Ne4 17. Qh3 f6 18. Bb5 fxe5 19. Bxe8 Qxe8 20. Rxc7 Ba6 21. Rf3 Be2 22. dxe5 Ne6 23. Rc1 Bxf3 24. gxf3 N4c5 25. Rd1 Qg6+ 26. Qg4 Qc2 27. Rd2 Qb1 28. Kf1 Re8 29. Qg2 d4 30. exd4 Nxf4 31. Qf2 Ncd3 32. Qe3 Rc8 33. Qe4 Rc1 34. Qa8+ Kf7 35. Qb7+ Kg6 36. Qe4+ Kh6 37. Re2 Nxe2 38. Qh4+ Kg6 39. Qg4+ Kf7 40. Qd7+ Kg6 41. Qg4+ Kh6 42. Qh4+ Kg6 43. Qg4+ 1/2-1/2

[Event "CCT Chessable Masters Play-In 2025"]
[Site "Online"]
[Date "2025.02.17"]
[Round "4.32"]
[White "Mikaelyan, Arman"]
[Black "Eljanov, Pavel"]
[Result "1-0"]
[ECO "C84"]
[WhiteElo "2497"]
[BlackElo "2658"]
[PlyCount "75"]
[EventDate "2025.02.13"]
[EventType "swiss"]
[EventCountry "NET"]
[TimeControl "600"]
[WhiteClock "0:01:08"]
[BlackClock "0:01:24"]

1. e4 e5 2. Nf3 Nc6 3. Bb5 a6 4. Ba4 Nf6 5. d4 exd4 6. O-O Be7 7. e5 Ne4 8. Nxd4 O-O 9. Re1 Nxd4 10. Qxd4 Nc5 11. Bb3 d6 12. Bf4 Nxb3 13. cxb3 d5 14. Nc3 Be6 15. Rad1 c5 16. Qd3 d4 17. Ne4 b6 18. Qg3 Kh8 19. Nd6 a5 20. a3 Qd7 21. b4 axb4 22. axb4 Ra2 23. bxc5 bxc5 24. b4 cxb4 25. Rxd4 Qa4 26. h4 Ra1 27. Qe3 Qa3 28. Kh2 Rxe1 29. Qxe1 b3 30. Qb4 Qa7 31. Be3 Qb8 32. Nxf7+ Bxf7 33. Qxe7 Kg8 34. Rb4 b2 35. Rxb8 Rxb8 36. e6 Bxe6 37. Bd4 Bf7 38. Qe5 1-0

[Event "CCT Chessable Masters Play-In 2025"]
[Site "Online"]
[Date "2025.02.17"]
[Round "4.33"]
[White "Ivic, Velimir"]
[Black "Sharapov, Evgeny"]
[Result "1-0"]
[ECO "B63"]
[WhiteElo "2622"]
[BlackElo "2375"]
[PlyCount "55"]
[EventDate "2025.02.13"]
[EventType "swiss"]
[EventCountry "NET"]
[TimeControl "600"]
[WhiteClock "0:04:11"]
[BlackClock "0:05:56"]

1. e4 c5 2. Nf3 d6 3. d4 cxd4 4. Nxd4 Nf6 5. Nc3 Nc6 6. Bg5 e6 7. Qd2 Be7 8. O-O-O O-O 9. h4 Nxd4 10. Qxd4 Qa5 11. f4 Rd8 12. Be2 e5 13. Qe3 exf4 14. Qxf4 Be6 15. Kb1 Rac8 16. Nd5 Nxd5 17. exd5 Bxd5 18. c4 Bxg5 19. hxg5 Be6 20. Bd3 b5 21. Rxh7 bxc4 22. Qh4 Kf8 23. g6 f6 24. Rxg7 Kxg7 25. Qh7+ Kf8 26. g7+ Ke8 27. Bg6+ Kd7 28. g8=Q+ 1-0

[Event "CCT Chessable Masters Play-In 2025"]
[Site "Online"]
[Date "2025.02.17"]
[Round "4.34"]
[White "Paravyan, David"]
[Black "Vaishali, Rameshbabu"]
[Result "1/2-1/2"]
[ECO "B66"]
[WhiteElo "2621"]
[BlackElo "2476"]
[PlyCount "85"]
[EventDate "2025.02.13"]
[EventType "swiss"]
[EventCountry "NET"]
[TimeControl "600"]
[WhiteClock "0:01:01"]
[BlackClock "0:02:27"]

1. e4 c5 2. Nf3 d6 3. d4 cxd4 4. Nxd4 Nf6 5. Nc3 a6 6. Bg5 e6 7. Qd2 Be7 8. O-O-O Nc6 9. Nxc6 bxc6 10. Bxf6 gxf6 11. Bc4 Bb7 12. Rhe1 Qb6 13. Kb1 O-O-O 14. Qe2 Rhg8 15. f4 d5 16. exd5 Bb4 17. Na4 Qa5 18. c3 cxd5 19. cxb4 Qxa4 20. Bd3 Qxb4 21. Bxa6 Rd6 22. Qc2+ Kb8 23. Bxb7 Qxb7 24. Re3 Rb6 25. Rc3 f5 26. g3 Rc8 27. Rxc8+ Qxc8 28. Qxc8+ Kxc8 29. Kc2 Kc7 30. Rd3 f6 31. a4 Rc6+ 32. Rc3 d4 33. Rxc6+ Kxc6 34. Kd3 Kd5 35. a5 e5 36. a6 e4+ 37. Kd2 Kc6 38. b4 Kb6 39. b5 Ka7 40. Kc2 Kb6 41. Kd2 Ka7 42. Kc2 Kb6 43. Kd2 1/2-1/2

[Event "CCT Chessable Masters Play-In 2025"]
[Site "Online"]
[Date "2025.02.17"]
[Round "4.35"]
[White "Indjic, Aleksandar"]
[Black "Rozum, Ivan"]
[Result "0-1"]
[ECO "E35"]
[WhiteElo "2650"]
[BlackElo "2443"]
[PlyCount "86"]
[EventDate "2025.02.13"]
[EventType "swiss"]
[EventCountry "NET"]
[TimeControl "600"]
[WhiteClock "0:01:47"]
[BlackClock "0:02:13"]

1. d4 Nf6 2. c4 e6 3. Nc3 Bb4 4. Qc2 d5 5. cxd5 exd5 6. Bg5 h6 7. Bh4 g5 8. Bg3 Nc6 9. e3 h5 10. Bd3 h4 11. Be5 Bxc3+ 12. bxc3 Nxe5 13. dxe5 Ng4 14. Qa4+ c6 15. Qd4 Qe7 16. f4 f6 17. exf6 Qxf6 18. Qxf6 Nxf6 19. fxg5 Ng4 20. Ke2 Ne5 21. Kd2 h3 22. Nxh3 Bxh3 23. gxh3 Rxh3 24. Raf1 Ke7 25. Rf5 Ke6 26. Rf6+ Ke7 27. Bf5 Nc4+ 28. Kc1 Rxe3 29. h4 Rg8 30. Rh3 Re1+ 31. Kc2 Re2+ 32. Kd1 Rxa2 33. Re6+ Kd8 34. g6 Rg2 35. h5 Rf8 36. Rf3 Rh8 37. Rh3 Rf8 38. Re1 Rxf5 39. h6 Rff2 40. h7 Rd2+ 41. Kc1 Rc2+ 42. Kb1 Na3+ 43. Ka1 Ra2# 0-1

[Event "CCT Chessable Masters Play-In 2025"]
[Site "Online"]
[Date "2025.02.17"]
[Round "4.36"]
[White "Antipov, Mikhail Al."]
[Black "Pultinevicius, Paulius"]
[Result "1-0"]
[ECO "B13"]
[WhiteElo "2571"]
[BlackElo "2566"]
[PlyCount "71"]
[EventDate "2025.02.13"]
[EventType "swiss"]
[EventCountry "NET"]
[TimeControl "600"]
[WhiteClock "0:06:00"]
[BlackClock "0:05:23"]

1. e4 c6 2. d4 d5 3. exd5 cxd5 4. Bd3 Nc6 5. c3 Qc7 6. h3 g6 7. Nf3 Bf5 8. Be2 Nf6 9. O-O e6 10. Re1 h5 11. Bb5 Bd6 12. c4 Kf8 13. Nc3 a6 14. Bxc6 bxc6 15. Bg5 Kg7 16. Qd2 Ne4 17. Nxe4 dxe4 18. Nh4 f6 19. Be3 g5 20. Bxg5 fxg5 21. Qxg5+ Kf7 22. Nxf5 exf5 23. Qxf5+ Kg7 24. Qg5+ Kf7 25. Rxe4 Qd7 26. Re3 Rag8 27. Rf3+ Ke8 28. Re1+ Be7 29. Qe5 Rh7 30. Rf6 Rhg7 31. g3 Qxh3 32. Qb8+ Kd7 33. Rxe7+ Kxe7 34. Qd6+ Ke8 35. Re6+ Qxe6 36. Qxe6+ 1-0

[Event "CCT Chessable Masters Play-In 2025"]
[Site "Online"]
[Date "2025.02.17"]
[Round "4.37"]
[White "Gholami Orimi, Mahdi"]
[Black "Svane, Rasmus"]
[Result "1/2-1/2"]
[ECO "D31"]
[WhiteElo "2509"]
[BlackElo "2621"]
[PlyCount "82"]
[EventDate "2025.02.13"]
[EventType "swiss"]
[EventCountry "NET"]
[TimeControl "600"]
[WhiteClock "0:03:24"]
[BlackClock "0:00:32"]

1. d4 d5 2. c4 e6 3. Nc3 a6 4. cxd5 exd5 5. Nf3 c6 6. Bg5 Be7 7. Bxe7 Nxe7 8. e3 Bf5 9. Bd3 Nd7 10. O-O O-O 11. Rc1 Re8 12. Na4 g6 13. b4 Bxd3 14. Qxd3 Nf5 15. Nc5 Nd6 16. Nd2 a5 17. a3 b6 18. Nxd7 Qxd7 19. Rc2 b5 20. Nb3 axb4 21. Nc5 Qe7 22. axb4 Nc4 23. g3 Kg7 24. Qe2 Ra3 25. Ra2 Rxa2 26. Qxa2 h5 27. Ra1 h4 28. Qa7 hxg3 29. hxg3 Qg5 30. Qd7 Rxe3 31. fxe3 Qxg3+ 32. Kh1 Nxe3 33. Ra2 Qf3+ 34. Kg1 Qf1+ 35. Kh2 Qf4+ 36. Kh1 Qh4+ 37. Kg1 Qg3+ 38. Kh1 Qf3+ 39. Kh2 Qf4+ 40. Kh3 Qf3+ 41. Kh2 Qf4+ 1/2-1/2

[Event "CCT Chessable Masters Play-In 2025"]
[Site "Online"]
[Date "2025.02.17"]
[Round "4.38"]
[White "Sevian, Samuel"]
[Black "Banusz, Tamas"]
[Result "1-0"]
[ECO "B33"]
[WhiteElo "2692"]
[BlackElo "2582"]
[PlyCount "133"]
[EventDate "2025.02.13"]
[EventType "swiss"]
[EventCountry "NET"]
[TimeControl "600"]
[WhiteClock "0:02:56"]
[BlackClock "0:02:40"]

1. e4 c5 2. Nf3 Nc6 3. d4 cxd4 4. Nxd4 Nf6 5. Nc3 e5 6. Ndb5 d6 7. Bg5 a6 8. Na3 b5 9. Nd5 Be7 10. Bxf6 Bxf6 11. c4 b4 12. Nc2 a5 13. g3 O-O 14. Bg2 g6 15. Nxf6+ Qxf6 16. Qd2 Be6 17. b3 Qe7 18. O-O f6 19. Rad1 Rfd8 20. f4 Bf7 21. Kh1 Kg7 22. Rf2 Bg8 23. Rdf1 Rf8 24. h3 Rad8 25. Qe3 Qa7 26. Qd3 Qb7 27. h4 h5 28. f5 Bf7 29. fxg6 Bxg6 30. Ne3 Ne7 31. Kh2 Qb6 32. Rd2 Qb7 33. Rfd1 Qc7 34. Rf2 Qc8 35. Bh3 Qc6 36. Nf5+ Nxf5 37. Bxf5 Bf7 38. Rdf1 Rh8 39. Qe3 Qc5 40. Qf3 Rh6 41. Rd2 Kf8 42. Bh3 Ke7 43. Qf5 Qe3 44. Rg2 Rg6 45. Rf3 Qd4 46. Rff2 Rh6 47. Rd2 Qc5 48. Rd3 Rhh8 49. Rf2 Rh6 50. Rff3 Qc7 51. Rf1 Qc5 52. Rfd1 Qc7 53. R1d2 Rhh8 54. Rd5 Bxd5 55. Rxd5 Rh6 56. Qf3 Rhh8 57. Qd1 Kf7 58. Bf5 Kg7 59. Kh3 Kf8 60. c5 Ke7 61. Qc2 Kf8 62. Qd3 Ke7 63. Qc4 Qc6 64. cxd6+ Rxd6 65. Rc5 Qe8 66. Rc7+ Kf8 67. Qc5 1-0

[Event "CCT Chessable Masters Play-In 2025"]
[Site "Online"]
[Date "2025.02.17"]
[Round "4.39"]
[White "Salem, A.R. Saleh"]
[Black "Donchenko, Alexander"]
[Result "1-0"]
[ECO "E24"]
[WhiteElo "2631"]
[BlackElo "2632"]
[PlyCount "55"]
[EventDate "2025.02.13"]
[EventType "swiss"]
[EventCountry "NET"]
[TimeControl "600"]
[WhiteClock "0:04:54"]
[BlackClock "0:01:50"]

1. d4 Nf6 2. c4 e6 3. Nc3 Bb4 4. a3 Bxc3+ 5. bxc3 d6 6. f3 Nc6 7. e4 e5 8. Ne2 h6 9. Ng3 b6 10. Ra2 O-O 11. Be2 Ba6 12. O-O Na5 13. Nf5 Re8 14. Qe1 Nh5 15. f4 Nxf4 16. Bxf4 exf4 17. Rxf4 Bc8 18. Nxh6+ gxh6 19. Bh5 Rf8 20. Raf2 f5 21. exf5 Rf6 22. Re2 Bd7 23. Re7 Kh8 24. Bg6 Nc6 25. Rh7+ Kg8 26. Qe4 d5 27. cxd5 Na5 28. Rxh6 1-0

[Event "CCT Chessable Masters Play-In 2025"]
[Site "Online"]
[Date "2025.02.17"]
[Round "4.40"]
[White "Grandelius, Nils"]
[Black "Sarana, Alexey"]
[Result "1/2-1/2"]
[ECO "D35"]
[WhiteElo "2644"]
[BlackElo "2672"]
[PlyCount "73"]
[EventDate "2025.02.13"]
[EventType "swiss"]
[EventCountry "NET"]
[TimeControl "600"]
[WhiteClock "0:03:31"]
[BlackClock "0:03:16"]

1. d4 Nf6 2. c4 e6 3. Nc3 d5 4. cxd5 exd5 5. Bf4 Bd6 6. Bxd6 Qxd6 7. e3 Bf5 8. Nge2 Nbd7 9. Ng3 Bg6 10. Bd3 c6 11. h4 Bxd3 12. Qxd3 g6 13. h5 O-O-O 14. Qe2 Kb8 15. O-O-O Rhe8 16. hxg6 fxg6 17. Kb1 Re7 18. Nf1 h5 19. Nd2 Rde8 20. Nb3 Ng4 21. Qc2 Rf7 22. Rd2 Qf6 23. Nd1 Qg5 24. Re2 Rfe7 25. Rhe1 Nh6 26. f3 Nf5 27. e4 Ng3 28. Re3 Qf4 29. Nf2 Nf5 30. R3e2 Ng3 31. Re3 Nf5 32. R3e2 dxe4 33. fxe4 Ng3 34. Re3 Nf5 35. R3e2 Ng3 36. Re3 Nf5 37. R3e2 1/2-1/2

[Event "CCT Chessable Masters Play-In 2025"]
[Site "Online"]
[Date "2025.02.17"]
[Round "4.41"]
[White "Suleymanli, Aydin"]
[Black "Theodorou, Nikolas"]
[Result "0-1"]
[ECO "E12"]
[WhiteElo "2623"]
[BlackElo "2611"]
[PlyCount "114"]
[EventDate "2025.02.13"]
[EventType "swiss"]
[EventCountry "NET"]
[TimeControl "600"]
[WhiteClock "0:00:03"]
[BlackClock "0:00:08"]

1. d4 e6 2. c4 b6 3. Nc3 Bb7 4. a3 Nf6 5. Nf3 g6 6. Qc2 c5 7. d5 exd5 8. cxd5 Nxd5 9. e4 Nc7 10. Bg5 f6 11. Bf4 Ne6 12. Be3 Nc6 13. O-O-O Qe7 14. Nd5 Qf7 15. Bc4 O-O-O 16. Rhe1 Kb8 17. Nf4 Bh6 18. g3 Ne5 19. Nxe5 fxe5 20. Ne2 Bxe3+ 21. fxe3 Qf2 22. Qc3 Rhe8 23. Bd5 Nc7 24. Bxb7 Kxb7 25. Qc4 Qxe3+ 26. Kb1 b5 27. Qc2 c4 28. Nc3 Qc5 29. Nd5 Ne6 30. Qd2 Nd4 31. Qh6 a5 32. Qxh7 b4 33. Qxg6 c3 34. Rd3 Re6 35. Qg5 Rc8 36. bxc3 Qc4 37. Qd2 Nb3 38. Qc2 Nc5 39. Rdd1 bxa3 40. Ne3 Qb5+ 41. Ka1 a4 42. Rd5 Rb6 43. Rb1 Nb3+ 44. Ka2 Qc6 45. c4 Ka7 46. Qc3 Rcb8 47. Kxa3 d6 48. Nc2 Nc5 49. Qa5+ Ra6 50. Nb4 Qb6 51. Nxa6 Qxa5 52. Nxb8 Qc3+ 53. Ka2 Qxc4+ 54. Ka3 Qc3+ 55. Ka2 Qc2+ 56. Ka3 Qxb1 57. Nc6+ Kb6 0-1

[Event "CCT Chessable Masters Play-In 2025"]
[Site "Online"]
[Date "2025.02.17"]
[Round "4.42"]
[White "Moroni, Luca Jr"]
[Black "Le, Quang Liem"]
[Result "0-1"]
[ECO "A25"]
[WhiteElo "2552"]
[BlackElo "2739"]
[PlyCount "56"]
[EventDate "2025.02.13"]
[EventType "swiss"]
[EventCountry "NET"]
[TimeControl "600"]
[WhiteClock "0:04:06"]
[BlackClock "0:04:48"]

1. c4 Nf6 2. Nc3 e5 3. e3 Nc6 4. Qb3 g6 5. g3 Bg7 6. Bg2 O-O 7. d3 d6 8. Nge2 Nd7 9. Qd1 a5 10. O-O f5 11. a3 Nf6 12. Rb1 Be6 13. Nd5 Bf7 14. Nec3 Nxd5 15. Nxd5 Re8 16. b4 axb4 17. axb4 e4 18. dxe4 fxe4 19. Qc2 Ne5 20. Rd1 c6 21. Nc3 Nf3+ 22. Kh1 Qg5 23. Nxe4 Qf5 24. g4 Qxg4 25. Nxd6 Qh5 26. h3 Be6 27. Nxe8 Bxh3 28. Nxg7 Qg4 0-1

[Event "CCT Chessable Masters Play-In 2025"]
[Site "Online"]
[Date "2025.02.17"]
[Round "4.43"]
[White "Svidler, Peter"]
[Black "Atabayev, Saparmyrat"]
[Result "1-0"]
[ECO "C42"]
[WhiteElo "2696"]
[BlackElo "2516"]
[PlyCount "121"]
[EventDate "2025.02.13"]
[EventType "swiss"]
[EventCountry "NET"]
[TimeControl "600"]
[WhiteClock "0:00:58"]
[BlackClock "0:01:16"]

1. e4 e5 2. Nf3 Nf6 3. Nxe5 d6 4. Nf3 Nxe4 5. Nc3 Nxc3 6. dxc3 Be7 7. Qd4 Bf6 8. Qf4 Nc6 9. Be3 Be6 10. O-O-O Qd7 11. Kb1 h6 12. h3 a6 13. g4 O-O-O 14. Bg2 Kb8 15. Nd4 Nxd4 16. Bxd4 Bxd4 17. cxd4 Qa4 18. b3 Qb4 19. Kb2 Rhe8 20. a3 Qb6 21. Rhe1 f6 22. h4 Bd7 23. Re3 Rxe3 24. fxe3 Bc6 25. Bf1 a5 26. Bd3 Bb5 27. Bg6 Be8 28. Bd3 Bb5 29. Bf5 a4 30. b4 Qc6 31. g5 hxg5 32. hxg5 Rf8 33. Rg1 Qd5 34. Be4 Qe6 35. Qf3 Re8 36. Bxb7 Qxe3 37. Qxe3 Rxe3 38. gxf6 gxf6 39. Bd5 c6 40. Bf7 d5 41. Rg6 Rf3 42. Be6 Kc7 43. Rg7+ Kd8 44. Rd7+ Ke8 45. Rc7 f5 46. Rb7 Rf4 47. Bxd5 Rxd4 48. c4 Bxc4 49. Bxc6+ Kd8 50. Kc3 Rd6 51. b5 Bd5 52. Bxd5 Rxd5 53. Kb4 Rd7 54. Rb8+ Ke7 55. b6 f4 56. Kb5 Rd8 57. Rxd8 Kxd8 58. Ka6 f3 59. b7 f2 60. b8=Q+ Kd7 61. Qf4 1-0

[Event "CCT Chessable Masters Play-In 2025"]
[Site "Online"]
[Date "2025.02.17"]
[Round "4.44"]
[White "Harikrishna, Pentala"]
[Black "Murzin, Volodar"]
[Result "1/2-1/2"]
[ECO "E08"]
[WhiteElo "2695"]
[BlackElo "2657"]
[PlyCount "100"]
[EventDate "2025.02.13"]
[EventType "swiss"]
[EventCountry "NET"]
[TimeControl "600"]
[WhiteClock "0:01:47"]
[BlackClock "0:01:11"]

1. d4 Nf6 2. c4 e6 3. g3 d5 4. Bg2 Be7 5. Nf3 O-O 6. O-O Nbd7 7. Qc2 a5 8. Nbd2 c5 9. cxd5 exd5 10. dxc5 Nxc5 11. Nb3 Nxb3 12. Qxb3 a4 13. Qd3 Qb6 14. Rb1 Bc5 15. b4 axb3 16. axb3 Ne4 17. e3 Bf5 18. Nh4 Be6 19. b4 Be7 20. Bb2 Bxh4 21. gxh4 Rfc8 22. Bxe4 dxe4 23. Qxe4 Bh3 24. Rfd1 Qg6+ 25. Qxg6 hxg6 26. Ra1 Rxa1 27. Bxa1 Rc4 28. Bd4 Rxb4 29. f3 b5 30. Kf2 Be6 31. Kg3 Ra4 32. Bc5 Rc4 33. Rd8+ Kh7 34. Bd4 b4 35. Rb8 b3 36. Rb5 Rc2 37. h5 gxh5 38. Rxh5+ Kg6 39. Rb5 Bc4 40. Rb6+ f6 41. h4 Rd2 42. Rb4 Rc2 43. Rb7 Rd2 44. h5+ Kh6 45. Rb4 Rc2 46. Rb7 Bd5 47. Rb5 Bf7 48. Rb7 Bd5 49. Rb5 Bc4 50. Rb7 Bd5 1/2-1/2

[Event "CCT Chessable Masters Play-In 2025"]
[Site "Online"]
[Date "2025.02.17"]
[Round "4.45"]
[White "Blohberger, Felix"]
[Black "Alekseev, Evgeny"]
[Result "0-1"]
[ECO "E08"]
[WhiteElo "2532"]
[BlackElo "2505"]
[PlyCount "62"]
[EventDate "2025.02.13"]
[EventType "swiss"]
[EventCountry "NET"]
[TimeControl "600"]
[WhiteClock "0:01:56"]
[BlackClock "0:05:31"]

1. d4 Nf6 2. Nf3 e6 3. c4 d5 4. g3 Bb4+ 5. Bd2 Be7 6. Bg2 O-O 7. O-O c6 8. Qc2 Nbd7 9. Bf4 b6 10. cxd5 cxd5 11. Nc3 Bb7 12. Rfc1 Rc8 13. Qb3 a6 14. Na4 b5 15. Ne5 Nxe5 16. Bxe5 Nd7 17. Bf4 Rc4 18. Nc5 Nxc5 19. dxc5 Bxc5 20. Be3 Qb6 21. Rxc4 dxc4 22. Bxc5 Qxc5 23. Qd1 Bxg2 24. Kxg2 Qb6 25. Qc2 Rd8 26. Rc1 h6 27. Kg1 Qa5 28. b3 Rc8 29. Rd1 c3 30. Rd6 Qa3 31. Qd3 Qxd6 0-1

[Event "CCT Chessable Masters Play-In 2025"]
[Site "Online"]
[Date "2025.02.17"]
[Round "4.46"]
[White "Zhu, Jiner"]
[Black "Pranav, V."]
[Result "0-1"]
[ECO "C41"]
[WhiteElo "2514"]
[BlackElo "2615"]
[PlyCount "68"]
[EventDate "2025.02.13"]
[EventType "swiss"]
[EventCountry "NET"]
[TimeControl "600"]
[WhiteClock "0:02:34"]
[BlackClock "0:04:54"]

1. e4 e5 2. Nf3 d6 3. d4 exd4 4. Nxd4 Nf6 5. Nc3 Be7 6. Bc4 O-O 7. O-O Re8 8. Re1 c6 9. a4 Nbd7 10. Ba2 Bf8 11. Bf4 Ne5 12. h3 Ng6 13. Bh2 a5 14. Qd2 Qb6 15. Bb3 Bd7 16. Nf3 Be6 17. Bxe6 Rxe6 18. Qd4 Qb4 19. Rad1 h6 20. Qd3 Ree8 21. b3 Rad8 22. Nd4 Ne5 23. Qd2 Ned7 24. Nf5 Nc5 25. Bxd6 Bxd6 26. Nxd6 Rxd6 27. Qxd6 Qxc3 28. e5 Nd5 29. g3 Ne6 30. Qd7 Re7 31. Qc8+ Kh7 32. Re2 Qf3 33. Rde1 Nd4 34. Rd2 Qc3 0-1

[Event "CCT Chessable Masters Play-In 2025"]
[Site "Online"]
[Date "2025.02.17"]
[Round "4.47"]
[White "Ter-Sahakyan, Samvel"]
[Black "Gokerkan, Cem Kaan"]
[Result "1-0"]
[ECO "E06"]
[WhiteElo "2611"]
[BlackElo "2473"]
[PlyCount "127"]
[EventDate "2025.02.13"]
[EventType "swiss"]
[EventCountry "NET"]
[TimeControl "600"]
[WhiteClock "0:00:07"]

1. d4 Nf6 2. c4 e6 3. Nf3 d5 4. g3 Be7 5. Bg2 O-O 6. Qc2 c5 7. dxc5 Qa5+ 8. Nc3 dxc4 9. O-O Qxc5 10. Bg5 Nbd7 11. Rfd1 Nb6 12. Be3 Qh5 13. Bd4 Rd8 14. Rd2 Nfd5 15. Rad1 Bd7 16. Ne5 Nb4 17. Qe4 Bc6 18. Nxc6 Nxc6 19. Bxb6 axb6 20. Rxd8+ Bxd8 21. Qxc4 Na5 22. Qa4 Bf6 23. Bxb7 Rb8 24. Bf3 Qe5 25. Rd7 h6 26. Ne4 Qxb2 27. Nd6 Rf8 28. Bh5 Qb1+ 29. Kg2 g6 30. Bf3 Be5 31. h4 h5 32. Ne4 Qb2 33. Ra7 Qd4 34. Qxd4 Bxd4 35. Nd6 Bc5 36. Ne4 Nc6 37. Nf6+ Kg7 38. Nxh5+ gxh5 39. Bxc6 Rd8 40. Bf3 Kg6 41. Rc7 Rd2 42. Rc8 Rb2 43. Rg8+ Kf6 44. Bxh5 Rxa2 45. Bf3 b5 46. Rc8 Bd6 47. Rc6 Be5 48. Rb6 Rb2 49. g4 Bf4 50. g5+ Kg6 51. Rb7 Be5 52. Be4+ f5 53. gxf6+ Kxf6 54. e3 Bd6 55. Kf3 Ke5 56. h5 Bc5 57. h6 Rb1 58. Bxb1 Bxe3 59. fxe3 Kd5 60. Rxb5+ Kc6 61. Rh5 Kd6 62. h7 Ke7 63. h8=Q Kd6 64. Qe5+ 1-0

[Event "CCT Chessable Masters Play-In 2025"]
[Site "Online"]
[Date "2025.02.17"]
[Round "4.48"]
[White "Sokolovsky, Yahli"]
[Black "Aryan Chopra"]
[Result "1/2-1/2"]
[ECO "B07"]
[WhiteElo "2552"]
[BlackElo "2620"]
[PlyCount "80"]
[EventDate "2025.02.13"]
[EventType "swiss"]
[EventCountry "NET"]
[TimeControl "600"]
[WhiteClock "0:02:03"]
[BlackClock "0:04:58"]

1. d4 d6 2. e4 Nf6 3. Nc3 e5 4. dxe5 dxe5 5. Qxd8+ Kxd8 6. Bc4 Ke8 7. f3 c6 8. Be3 Nbd7 9. a4 a5 10. Nge2 Bc5 11. Kf2 Ke7 12. Rhd1 Bxe3+ 13. Kxe3 Nb6 14. Bb3 Be6 15. Bxe6 Kxe6 16. b3 Rad8 17. Rxd8 Rxd8 18. Rd1 Nbd7 19. Nc1 h5 20. Nd3 Ke7 21. Nb2 Nb6 22. Rxd8 Kxd8 23. Nb1 Ne8 24. Nd3 Nd7 25. Nd2 Nd6 26. c4 b6 27. c5 bxc5 28. Nb2 Nb6 29. Kd3 Kc7 30. Ndc4 Ndxc4 31. Nxc4 Nxc4 32. Kxc4 Kd6 33. g3 g5 34. g4 h4 35. h3 f6 36. Kc3 Kd7 37. Kd3 Kc7 38. Kc3 Kd7 39. Kd3 Kc7 40. Kc3 Kd7 1/2-1/2

[Event "CCT Chessable Masters Play-In 2025"]
[Site "Online"]
[Date "2025.02.17"]
[Round "4.49"]
[White "Martinez Alcantara, Jose Eduardo"]
[Black "Naroditsky, Daniel"]
[Result "1/2-1/2"]
[ECO "B27"]
[WhiteElo "2606"]
[BlackElo "2619"]
[PlyCount "183"]
[EventDate "2025.02.13"]
[EventType "swiss"]
[EventCountry "NET"]
[TimeControl "600"]
[WhiteClock "0:01:20"]
[BlackClock "0:01:04"]

1. e4 g6 2. d4 Bg7 3. c3 d5 4. e5 c5 5. Nf3 Bg4 6. Nbd2 cxd4 7. cxd4 Nc6 8. Bb5 Rc8 9. O-O a6 10. Bxc6+ Rxc6 11. h3 Bf5 12. Nb3 Bc2 13. Qe2 Bxb3 14. axb3 e6 15. Bg5 Ne7 16. Rac1 Qc7 17. Qd2 O-O 18. Bf6 Rc8 19. Rxc6 Nxc6 20. Bxg7 Kxg7 21. Qf4 Qe7 22. Rc1 h6 23. Rc3 Na7 24. h4 Rxc3 25. bxc3 b5 26. b4 Nc8 27. g3 Nb6 28. Nh2 g5 29. Qg4 Nd7 30. hxg5 Qxg5 31. Qf3 f6 32. exf6+ Nxf6 33. Nf1 Ne4 34. Kg2 h5 35. Nh2 h4 36. Ng4 hxg3 37. fxg3 Qd2+ 38. Nf2 Nxf2 39. Qxf2 Qxc3 40. Qf4 Qc2+ 41. Kg1 Qb1+ 42. Kg2 Qxb4 43. Qg5+ Kf7 44. Qf4+ Ke8 45. Qb8+ Kd7 46. Qb7+ Kd8 47. Qb8+ Ke7 48. Qc7+ Kf8 49. Qf4+ Kg7 50. Qg4+ Kf8 51. Qf4+ Ke8 52. Qb8+ Kd7 53. Qb7+ Kd6 54. Qxa6+ Ke7 55. Qb7+ Kf6 56. Qb8 Qd2+ 57. Kh3 Qh6+ 58. Kg2 Qd2+ 59. Kh3 Qh6+ 60. Kg2 Qg6 61. Qe5+ Kf7 62. Qc7+ Kg8 63. Qb8+ Kg7 64. Qc7+ Kh6 65. Qf4+ Qg5 66. Qf8+ Qg7 67. Qc5 Qf6 68. Qc1+ Kg6 69. Qb1+ Qf5 70. Qxb5 Qe4+ 71. Kh2 Qxd4 72. Qe8+ Kf5 73. Qf7+ Qf6 74. Qh5+ Qg5 75. Qf7+ Ke5 76. Qc7+ Ke4 77. Qc2+ Kd4 78. Qb2+ Kd3 79. Qb3+ Ke2 80. Qb5+ Ke1 81. Qa5+ Kf2 82. Qa2+ Kf3 83. Qg2+ Ke3 84. Qg1+ Ke2 85. Qg2+ Ke3 86. Qg1+ Ke4 87. Qb1+ Kd4 88. Qb6+ Ke5 89. Qc7+ Kf5 90. Qf7+ Qf6 91. Qh5+ Qg5 92. Qf7+ 1/2-1/2

[Event "CCT Chessable Masters Play-In 2025"]
[Site "Online"]
[Date "2025.02.17"]
[Round "4.50"]
[White "Ding, Liren"]
[Black "Matinian, Nikita"]
[Result "1-0"]
[ECO "C64"]
[WhiteElo "2734"]
[BlackElo "2415"]
[PlyCount "113"]
[EventDate "2025.02.13"]
[EventType "swiss"]
[EventCountry "NET"]
[TimeControl "600"]
[WhiteClock "0:00:19"]

1. e4 e5 2. Nf3 Nc6 3. Bb5 a6 4. Ba4 Bc5 5. O-O Nge7 6. c3 Ng6 7. d4 Ba7 8. Bg5 f6 9. Be3 O-O 10. Re1 Kh8 11. h3 d6 12. Nbd2 Nce7 13. Bc2 Qe8 14. Nf1 Bd7 15. Ng3 Rd8 16. Qe2 c5 17. d5 Nf4 18. Qd2 g5 19. Nh2 Qg6 20. c4 b5 21. b3 Rg8 22. Qa5 h5 23. Qxa6 Bb8 24. cxb5 Nexd5 25. b6 Nb4 26. Qc4 d5 27. Qxc5 Nxc2 28. Qxc2 d4 29. Bd2 h4 30. Nf5 d3 31. Qc4 Bxf5 32. exf5 Qxf5 33. Ng4 Rd4 34. Qc6 Ne2+ 35. Kh1 Rxg4 36. hxg4 Qxf2 37. Qf3 Ng3+ 38. Kh2 Qxd2 39. Qxf6+ Kh7 40. Rad1 Qf4 41. Qxf4 gxf4 42. Rxd3 e4 43. Rd7+ Kh6 44. a4 f3 45. gxf3 exf3 46. Kg1 Rxg4 47. Kf2 Ne4+ 48. Kxf3 Rf4+ 49. Ke3 Nf6 50. Rd8 Re4+ 51. Kd2 Bf4+ 52. Kd1 Rxe1+ 53. Kxe1 h3 54. Kf2 Ne4+ 55. Kf1 Ng3+ 56. Kg1 Ne2+ 57. Kf2 1-0

[Event "CCT Chessable Masters Play-In 2025"]
[Site "Online"]
[Date "2025.02.17"]
[Round "4.51"]
[White "Hong, Andrew"]
[Black "Esipenko, Andrey"]
[Result "0-1"]
[ECO "B31"]
[WhiteElo "2579"]
[BlackElo "2695"]
[PlyCount "64"]
[EventDate "2025.02.13"]
[EventType "swiss"]
[EventCountry "NET"]
[TimeControl "600"]
[WhiteClock "0:00:48"]
[BlackClock "0:02:22"]

1. e4 c5 2. Nc3 Nc6 3. Nf3 g6 4. Bb5 Nd4 5. Nxd4 cxd4 6. Ne2 Bg7 7. O-O a6 8. Bc4 e6 9. c3 b5 10. Bb3 Bb7 11. Bc2 dxc3 12. dxc3 Nf6 13. Ng3 h5 14. e5 Nd5 15. f4 d6 16. exd6 Qxd6 17. Be3 h4 18. Ne4 Qc7 19. Bd4 Bxd4+ 20. Qxd4 O-O-O 21. Qf2 h3 22. g3 Ba8 23. a4 b4 24. c4 Ne7 25. c5 Qc6 26. Rfd1 f5 27. Rd6 Rxd6 28. cxd6 fxe4 29. Qa7 Bb7 30. Bxe4 Qxe4 31. Rc1+ Nc6 32. Qb6 Qg2# 0-1